AoeStats
← Luthran

Black Forest

506100531Analyzed
4v4 RM · 21d ago on Sep 12, 2026· 46m 12s· 8 players
Game mode
Random Map
Map size
Large (8 player)
Population
200
Speed
Normal
Resources
Standard
Victory
Conquest
Starting age
Dark Age
Ending age
Imperial Age
RankedLock teamsTeams togetherTeam positionsShared explorationLock speedFull tech treeHidden civsTurbo modeCheats
Victory
Defeat
🇨🇳 Magyars · China
1342
+14
🇹🇼 Burgundians · Taiwan
1314
+15
🇨🇳 Spanish · China
1299
+16
🇨🇳 Wu · China
1290
+16
🇪🇸 Persians · Spain
1354
-17
🇩🇪 Italians · Germany
1292
-15
🇧🇦 Inca · Bosnia & Herzegovina
1278
-15
🇸🇰 Ethiopians · Slovakia
1262
-14
ping3026
0:35 Loom
13:01 Feudal Age
11:47 Double-Bit Axe
11:45 Horse Collar
18:41 Castle Age
17:16 Bow Saw
17:07 Gold Mining
17:40 Heavy Plow
17:36 Stone Mining
22:03 Wheelbarrow
23:33 Town Watch
24:46 Hand Cart
31:01 Imperial Age
29:04 Cavalier
29:51 Scale Barding Armor
29:56 Burgundian Vineyards
30:42 Forging
31:21 Chain Barding Armor
31:19 Husbandry
32:35 Iron Casting
32:42 Conscription
33:33 Plate Barding Armor
33:12 Masonry
32:44 Treadmill Crane
34:05 Gold Shaft Mining
37:05 Blast Furnace
38:07 Fletching
37:42 Paladin
40:41 Bodkin Arrow
42:01 Caravan
43:47 Bracer
44:53 Scale Mail Armor
bleakshadow
0:45 Loom
11:44 Feudal Age
16:28 Castle Age
15:03 Horse Collar
15:33 Double-Bit Axe
16:58 Fletching
22:18 Bow Saw
23:25 Scale Barding Armor
25:07 Chain Barding Armor
25:50 Heavy Plow
29:31 Wheelbarrow
28:50 Gold Mining
28:50 Stone Mining
34:57 Imperial Age
33:08 Gold Shaft Mining
34:27 Bodkin Arrow
34:33 Padded Archer Armor
34:43 Corvinian Army
35:16 Hand Cart
36:17 Thumb Ring
38:39 Conscription
40:05 Plate Barding Armor
41:11 Crop Rotation
41:14 Parthian Tactics
40:49 Elite Magyar Huszar
41:50 Caravan
43:24 Ballistics
44:04 Chemistry
43:22 Bracer
43:37 Leather Archer Armor
44:02 Siege Engineers
44:35 Heavy Cavalry Archer
huangtmc
11:31 Feudal Age
15:48 Castle Age
14:26 Double-Bit Axe
23:42 Padded Archer Armor
24:16 Horse Collar
25:30 Leather Archer Armor
26:31 Loom
27:22 Wheelbarrow
27:48 Town Watch
28:44 Bow Saw
37:00 Imperial Age
40:27 Heavy Plow
41:29 Two-Man Saw
41:47 Scale Mail Armor
41:58 Forging
41:53 Gambesons
42:09 Squires
41:54 Arson
41:30 Pikeman
43:18 Hand Cart
43:48 Chain Mail Armor
44:09 Iron Casting
43:57 Conscription
43:56 Halberdier
45:10 Plate Mail Armor
46:46 Blast Furnace
76561199165497481
10:56 Feudal Age
15:42 Castle Age
13:38 Double-Bit Axe
15:44 Stone Mining
27:15 Bow Saw
29:19 Fletching
30:17 Bodkin Arrow
32:24 Wheelbarrow
31:38 Horse Collar
37:03 Imperial Age
34:19 Loom
34:51 Hand Cart
34:29 Gold Mining
35:28 Heavy Plow
35:31 Pikeman
36:11 Squires
35:57 Arson
36:28 Forging
36:18 Scale Mail Armor
37:18 Halberdier
38:16 Chain Mail Armor
38:36 Iron Casting
39:53 Plate Mail Armor
40:50 Two-Man Saw
40:29 Stone Shaft Mining
40:32 Gold Shaft Mining
41:17 Blast Furnace
44:20 Conscription
43:46 Elite Fire Archer
45:09 Bracer
45:09 Padded Archer Armor
Luthran
13:10 Feudal Age
17:13 Castle Age
18:07 Double-Bit Axe
18:03 Horse Collar
19:35 Wheelbarrow
25:06 Scale Mail Armor
25:17 Forging
27:29 Chain Mail Armor
31:50 Imperial Age
30:23 Gold Mining
31:53 Onager
33:30 Bow Saw
34:14 Bow Saw
33:52 Loom
35:16 Chemistry
33:57 Crossbowman
36:15 Hand Cart
36:55 Fletching
39:19 Two-Man Saw
38:57 Gold Shaft Mining
38:38 Arbalester
40:48 Thumb Ring
40:44 Padded Archer Armor
44:36 Ballistics
44:22 Siege Engineers
44:13 Bodkin Arrow
44:34 Leather Archer Armor
44:22 Torsion Engines
45:39 Bracer
Mzackk
12:01 Feudal Age
15:36 Castle Age
14:02 Double-Bit Axe
14:25 Horse Collar
16:17 Loom
17:08 Wheelbarrow
21:17 Wheelbarrow
21:02 Bow Saw
24:25 Fervor
26:02 Hand Cart
26:07 Heavy Plow
26:03 Stone Mining
27:37 Scale Barding Armor
27:39 Fletching
28:45 Bodkin Arrow
28:14 Elite Skirmisher
32:40 Imperial Age
30:18 Thumb Ring
30:39 Ballistics
30:49 Chain Barding Armor
30:51 Gold Mining
32:05 Padded Archer Armor
33:58 Chemistry
34:16 Two-Man Saw
34:55 Leather Archer Armor
35:04 Masonry
35:31 Plate Barding Armor
36:11 Crop Rotation
36:12 Ring Archer Armor
36:28 Coinage
37:03 Gold Shaft Mining
36:53 Forging
38:26 Elite War Elephant
39:38 Conscription
40:27 Iron Casting
39:53 Scale Mail Armor
41:47 Husbandry
41:57 Bloodlines
42:49 Blast Furnace
44:36 Chain Mail Armor
43:49 Heavy Camel Rider
46:08 Architecture
46:09 Plate Mail Armor
45:38 Heavy Scorpion
goupher
6:53 Loom
12:59 Feudal Age
14:49 Double-Bit Axe
19:48 Castle Age
18:20 Gold Mining
29:44 Imperial Age
31:53 Chemistry
37:17 Fletching
41:48 Fortified Wall
1godi
2:46 Loom
11:30 Feudal Age
15:05 Castle Age
15:01 Double-Bit Axe
15:34 Stone Mining
15:40 Horse Collar
16:45 Bow Saw
21:09 Horse Collar
22:53 Heavy Plow
25:37 Wheelbarrow
27:21 Gold Mining
27:24 Stone Mining
30:57 Imperial Age
28:35 Fletching
29:02 Padded Archer Armor
29:03 Scale Mail Armor
29:32 Hand Cart
29:04 Town Watch
29:43 Forging
29:45 Elite Skirmisher
33:13 Hoardings
33:00 Conscription
33:42 Ballistics
34:22 Chemistry
33:34 Elite Kamayuk
33:59 Capped Ram
35:16 Chain Mail Armor
35:37 Iron Casting
35:26 Elite Kamayuk
38:28 Plate Mail Armor
38:13 Pikeman
38:54 Squires
39:23 Bodkin Arrow
40:28 Blast Furnace
40:13 Thumb Ring
43:16 Bracer
43:43 Halberdier
Connection lost

Rejoining the realm…

Still unreachable

The connection could not be restored.

Session expired

The server has moved on; the page needs a fresh start.